 Seeded DCSS version 0.31-a0-986-g5e6e4ef867 (webtiles) character file.

Game seed: 10330998962624985796 (custom seed)

183 Hubris850 the Chiller (level 5, -5/39 HPs)
             Began as a Merfolk Ice Elementalist on Nov 14, 2023.
             Slain by an ice beast (11 damage)
             ... on level 4 of the Dungeon.
             The game lasted 00:08:34 (2952 turns).

Hubris850 the Chiller (Merfolk Ice Elementalist)    Turns: 2952, Time: 00:08:35

Health: -5/39      AC:  4    Str: 13    XL:     5   Next: 62%
Magic:  8/8        EV: 13    Int: 19    God:
Gold:   93         SH:  0    Dex: 14    Spells: 7/8 levels left

rFire   . . .        j - +6 dagger "Kuagoppao" {freeze, Will+ Str+5 Int+2}
rCold   . . .        (no shield)
rNeg    . . .        h - +0 leather armour
rPois   .            (no helmet)
rElec   .            (no cloak)
rCorr   .            (no gloves)
SInv    .            q - +0 pair of boots
Will    +....        (no amulet)
Stlth   ++           (no ring)
HPRegen 0.26/turn    (no ring)
MPRegen 0.11/turn

%: no passive effects
@: no status effects
A: (nimble swimmer 2), mertail
a: no special abilities


You were on level 4 of the Dungeon.
You visited 1 branch of the dungeon, and saw 4 of its levels.

You collected 213 gold pieces.
You spent 120 gold pieces at shops.

Inventory:

Hand Weapons
 j - the +6 dagger "Kuagoppao" (weapon) {freeze, Will+ Str+5 Int+2}
   (You found it on level 2 of the Dungeon)

   Str+5:     It affects your strength (+5).
   Int+2:     It affects your intelligence (+2).
   Will+:     It increases your willpower.
Missiles
 p - 3 boomerangs (quivered)
 t - 3 javelins
Armour
 a - a +0 robe
 h - a +0 leather armour (worn)
 q - a +0 pair of boots (worn)
Wands
 o - a wand of iceblast (9)
Scrolls
 d - a scroll of teleportation {unknown}
 e - 3 scrolls of blinking {unknown}
 f - a scroll of noise {unknown}
 i - 2 scrolls of identify {unknown}
 l - 2 scrolls of enchant armour {unknown}
 m - a scroll of enchant weapon {unknown}
 s - a scroll of torment {unknown}
Potions
 b - a potion of magic
 c - 3 potions of curing {unknown}
 g - a potion of cancellation {unknown}
 k - a potion of heal wounds {unknown}
 n - a potion of mutation {unknown}
 r - a potion of enlightenment {unknown}


   Skills:
 + Level 2.3 Fighting
 + Level 2.6 Short Blades
 + Level 1.4 Throwing
 + Level 4.2 Dodging
 + Level 3.7 Stealth
 - Level 2.0 Spellcasting
 - Level 4.3 Ice Magic


You had 7 spell levels left.
You knew the following spells:

 Your Spells              Type           Power      Damage    Failure   Level
a - Freeze                Ice            72%        1d8       3%          1

Your spell library contained the following spells:

 Spells                   Type           Power      Damage    Failure   Level
 Frozen Ramparts          Ice            36%        1d6       11%         3
 Ozocubu's Armour         Ice            18%        N/A       11%         3
 Slow                     Hex            4%         N/A       22%         1
 Confusing Touch          Hex            1%         N/A       54%         3
 Sigil of Binding         Hex            1%         N/A       54%         3
 Vampiric Draining        Necr           1%         2d6       54%         3
 Summon Ice Beast         Ice/Summ       10%        N/A       65%         4


Dungeon Overview and Level Annotations

Branches:
Dungeon (4/15)
 Temple: D:4-7

Altars:
Wu Jian

Shops:
D:3 (:?

Annotations:
D:4 3 runed translucent doors, Fodor's ghost, amateur MiFi


Innate Abilities, Weirdness & Mutations

((You are very nimble when in or above water. (Stealth+, EV+, Speed+++)))
Your lower body shifts to a powerful aquatic tail in water.


Message History

The worm closely misses you.
You hit the worm. You freeze the worm.
You kill the worm!
No target in view!
An ice beast comes into view.
You throw a boomerang. The boomerang hits the ice beast.
The ice beast is lightly wounded.
You throw a boomerang.
The boomerang hits the ice beast but does no damage.
The ice beast is lightly wounded.
You throw a boomerang.
The boomerang hits the ice beast but does no damage.
The ice beast is lightly wounded.
You throw a boomerang.
The boomerang hits the ice beast but does no damage.
The ice beast is lightly wounded.
You hit the ice beast.
The ice beast is moderately wounded.
The ice beast closely misses you.
You hit the ice beast but do no damage.
The ice beast is moderately wounded.
The ice beast misses you.
You closely miss the ice beast.
The ice beast is moderately wounded.
The ice beast hits you. The ice beast freezes you.
You hit the ice beast.
The ice beast is heavily wounded.
The ice beast hits you. The ice beast freezes you!
You are too injured to fight recklessly!
You are too injured to fight recklessly!
You puncture the ice beast!
The ice beast is severely wounded.
The ice beast hits you. The ice beast freezes you!
* * * LOW HITPOINT WARNING * * *
You hit the ice beast.
The ice beast is severely wounded.
The ice beast hits you.
* * * LOW HITPOINT WARNING * * *
The ice beast freezes you!
You die...

....≈≈....#..#
.. ♣.........#.#
..♣♣.....##..#.#
......_..##....#
.............#.#
...≈≈........#.#
#..≈≈..##...##.#
#......##...# .#
......Y@...## .#
.###.....### .#
....##.### ##
### ... ####


You could see an ice beast.

Vanquished Creatures
  A scorpion (D:4)
  3 gnolls (D:4)
  3 adders
  A worm (D:4)
  2 dart slugs
  5 orcs
  6 endoplasms
  2 giant cockroaches (D:2)
  4 goblins
  6 hobgoblins
  2 jackals (D:4)
  2 kobolds (D:2)
  3 quokkas
  4 ball pythons
  7 bats
  3 frilled lizards
54 creatures vanquished.

Notes
Turn   | Place    | Note
-------+----------+-------------------------------------------
     0 | D:1      | Hubris850 the Merfolk Ice Elementalist began the quest for
                  | the Orb.
     0 | D:1      | Reached XP level 1. HP: 13/13 MP: 3/3
   470 | D:2      | Identified the +6 dagger "Kuagoppao" {freeze, Will+ Str+5
                  | Int+2}
   592 | D:1      | Reached XP level 2. HP: 18/20 MP: 5/5
   838 | D:2      | Reached skill level 1 in Fighting
   838 | D:2      | Reached skill level 1 in Short Blades
   933 | D:2      | Reached XP level 3. HP: 26/26 MP: 6/6
  1324 | D:2      | Found a faded altar of an unknown god.
  2033 | D:3      | Found Giblul's Weapon Boutique.
  2049 | D:3      | Bought 5 boomerangs for 120 gold pieces
  2057 | D:3      | Reached XP level 4. HP: 32/32 MP: 7/7
  2344 | D:3      | Found Vaulelo's Magic Scroll Shoppe.
  2427 | D:3      | Found Testamme's Book Emporium.
  2590 | D:4      | Found a runed translucent gate.
  2590 | D:4      | Noticed an orc warrior
  2591 | D:4      | Noticed Fodor's ghost (amateur MiFi)
  2591 | D:4      | Found a runed translucent gate.
  2592 | D:4      | Found a runed translucent gate.
  2593 | D:4      | Identified the +1 leather armour of Dangucup {rPois}
  2834 | D:4      | Noticed a scorpion
  2843 | D:4      | Killed a scorpion
  2844 | D:4      | Reached skill level 1 in Throwing
  2844 | D:4      | Reached XP level 5. HP: 33/38 MP: 8/8
  2923 | D:4      | Found an ornate altar of the Wu Jian Council.
  2941 | D:4      | Noticed an ice beast
  2952 | D:4      | Slain by an ice beast

Illustrated notes

Levels and vault maps discovered:
D:1:      dpeg_arrival_arbitrary_c, layout_loops_corners
D:2:      layout_basic, shapermc_ecumenical_altar_totnotflames
D:3:      layout_rooms, serial_shops, shop, shop, nicolae_shop_rolled_up,
          minmay_misc_feat_square, minmay_misc_feat_nine_boxes
D:4:      layout_rooms, nicolae_dithmenos_shadow_blocks,
          nicolae_wu_jian_wuxing_cycle, nicolae_ru_the_path_less_chosen,
          biasface_ghost_orc_armoury, serial_corexii_hall,
          corexii_hall_statues_l, corexii_hall_statues_t,
          chequers_hall_statues_corner_a, corexii_hall_statues_x

Skill      XL: |  1  2  3  4 |
---------------+-------------+-----
Dodging        | 3 4 |  4.2
Fighting       | 1 2 |  2.3
Short Blades   | 1 2 |  2.6
Stealth        | 3 |  3.7
Throwing       | 1 |  1.4
Spellcasting   | |  2.0
Ice Magic      | |  4.3

Action                     |  1- 3 |  4- 6 || total
---------------------------+-------+-------++-------
  Melee: Dagger            |    61 |    90 ||   151
         Unarmed           |     3 |       ||     3
         Punch             |     1 |       ||     1
  Throw: Boomerang         |     1 |    17 ||    18
   Cast: Freeze            |     6 |       ||     6
  Evoke: Wand              |       |     1 ||     1
   Stab: Sleeping          |     4 |     1 ||     5
 Armour: Leather armour    |    27 |    43 ||    70
  Dodge: Dodged            |    34 |    52 ||    86

Table legend: (Time is in decaauts)
 A = Elapsed time spent in this place.
 B = Non-inter-level travel time spent in this place.
 C = Inter-level travel time spent in this place.
 D = Time resting spent in this place.
 E = Time spent auto-exploring this place.
 F = Levels seen in this place.
 G = Mean time per level.
                   A        B        C        D        E       F      G
               +--------+--------+--------+--------+--------+-----+--------+
         Total |   2942 |   2864 |     78 |    228 |   2021 |   4 |  735.5 |
       Dungeon |   2942 |   2864 |     78 |    228 |   2021 |   4 |  735.5 |
               +--------+--------+--------+--------+--------+-----+--------+

Top non-repeatable levels by time:
     D:2: 1008 daAuts
     D:1: 817 daAuts
     D:3: 722 daAuts
     D:4: 393 daAuts
